 Dungeon Crawl Stone Soup version 0.29.0-13-gc9e81de378 (webtiles) character file.

Game seed: 12612958023426411971

1445 Ofeo the Chiller (level 9, -3/62 HPs)
             Began as a Meteoran Ice Elementalist on Sept 9, 2022.
             Was an Initiate of Kikubaaqudgha.
             Succumbed to a kobold brigand's curare-tipped dart
             ... on level 6 of the Dungeon.
             The game lasted 00:12:16 (1102 turns).

Ofeo the Chiller (Meteoran Ice Elementalist)        Turns: 1102, Time: 00:12:17

Health: -3/62      AC:  6    Str: 11    XL:     9   Next: 24%
Magic:  12/20      EV: 15    Int: 27    God:    Kikubaaqudgha [......]
Gold:   119        SH:  0    Dex: 14    Spells: 14/21 levels left

rFire   . . .      SeeInvis .   b - staff of cold
rCold   + + .      Faith    .   (no shield)
rNeg    . . .      Spirit   .   c - +2 robe {Will+}
rPois   .          Reflect  .   (no helmet)
rElec   .          Harm     .   (no cloak)
rCorr   .          Rampage  .   (no gloves)
Will    ++...                   g - +1 pair of boots
Stlth   +.........              (no amulet)
HPRegen 0.20/turn               d - ring of protection from cold
MPRegen 0.17/turn               f - +6 ring of intelligence

@: mighty, lethally poisoned (-3 -> -27), slowed, glowing, very slow
A: sense surroundings 2, otherworldly, glowing, explore regen
a: Renounce Religion


You were on level 6 of the Dungeon.
You worshipped Kikubaaqudgha.
Kikubaaqudgha was noncommittal.
You visited 1 branch of the dungeon, and saw 7 of its levels.

You collected 119 gold pieces.

Inventory:

Hand Weapons
 a - a +2 dagger of draining
 e - a +0 sling
 h - a +1 flail of holy wrath
Missiles
 k - 3 javelins
 m - 3 throwing nets
Armour
 c - a +2 robe of willpower (worn)
 g - a +1 pair of boots (worn)
 j - a +0 robe
Magical Staves
 b - a staff of cold (weapon)
Jewellery
 d - a ring of protection from cold (left hand)
 f - a +6 ring of intelligence (right hand)
Scrolls
 i - a scroll of identify {@r1}


   Skills:
 + Level 6.7 Dodging
 + Level 4.5 Stealth
 + Level 6.8 Spellcasting
 + Level 7.2 Ice Magic


You had 14 spell levels left.
You knew the following spells:

 Your Spells              Type           Power      Damage    Failure   Level
a - Freeze                Ice            100%       1d11      1%          1
b - Frozen Ramparts       Ice            100%       1d16      1%          3
c - Ozocubu's Armour      Ice            64%        N/A       1%          3

Your spell library contained the following spells:

 Spells                   Type           Power      Damage    Failure   Level
 Necrotise                Necr           36%        1d5       6%          1
 Hailstorm                Conj/Ice       43%        3d10      13%         4
 Vampiric Draining        Necr           9%         2d6       19%         3
 Anguish                  Hex/Necr       4%         N/A       52%         4
 Animate Dead             Necr           9%         N/A       52%         4


Dungeon Overview and Level Annotations

Branches:
Dungeon (7/15) Zot: 3094
 Temple: D:4-7

Altars:
Gozag
Kikubaaqudgha
Okawaru

Annotations:
D:6 Rudyous's ghost, novice HOFi


Innate Abilities, Weirdness & Mutations

You passively map the area around you.
You are easily found by Zot.
You glow in the dark.
You regain HP and MP as you explore.


Message History

You feel sick.
The kobold demonologist begins to cast a cantrip, but forgets the words!
You feel sick.
The kobold demonologist mumbles some strange words.
You take 1 damage, and have 26/62 hp.
You feel sick.
A nearby hobgoblin perishes wretchedly.
A nearby worm perishes wretchedly.
Things that are here:
a +0 spear; a gnoll corpse You take 1 damage, and have 25/62 hp.
Rudyous's ghost attacks as you move away!
Rudyous's ghost hits you.
You feel sick.
You are no longer poisoned.
Things that are here:
a +0 flail; a gnoll corpse You take 4 damage, and have 21/62 hp.
The kobold brigand throws a curare-tipped dart.
The curare-tipped dart hits you.
You are poisoned.
You have difficulty breathing.
* * * LOW HITPOINT WARNING * * *
You feel yourself slow down.
You see here a +0 club.
You take 5 damage, and have 16/62 hp.
* * * LOW HITPOINT WARNING * * *
You feel very sick.
The kobold brigand throws a curare-tipped dart.
The curare-tipped dart misses you.
Rudyous's ghost hits you but does no damage.
The kobold brigand throws a curare-tipped dart.
The curare-tipped dart hits you.
You are lethally poisoned!
You have difficulty breathing.
* * * LOW HITPOINT WARNING * * *
You feel as though you will be slow longer.
You take 11 damage, and have 5/62 hp.
Rudyous's ghost attacks as you move away!
Rudyous's ghost barely misses you.
You die...
Kikubaaqudgha rasps: "You have failed me!
Welcome... death!"

##... ### ##....., ,
....##.....# #.. .#.....,* *
,.....#......## #.# ......., ,
...............##.##.......,
.............##.............
,......#......#**#.5.........
.............####)#5........
.......#........)KK.K†......,
.......#.....@.W.###.5...... *
........>....##..###....#... *
.............#...KK.#####*##
.....[.()...###...#K##.⌠.##
*#.....##..........#)#.#.#$#####
##.... *##.........#)'..#..$#.<.
..... #.#........K'.....$#.##
.#...#####.#)........'..#..$##
.............##....#.#.#.#.##


You could see a kobold demonologist, 5 kobold brigands, 2 quasits and Rudyous's
ghost.

Vanquished Creatures
  Eustachio (D:5)
  A steam dragon (D:6)
  Edmund (D:6)
  A phantom (D:6)
  A bullfrog (D:5)
  A gnoll sergeant (D:6)
  7 kobold brigands (D:6)
  2 scorpions (D:5)
  A howler monkey (D:5)
  A hound (D:5)
  An orc priest (D:5)
  Jessica (D:3)
  2 iguanas (D:6)
  5 gnolls (D:6)
  An adder (D:2)
  A shadow imp (D:5)
  2 ufetubi (D:6)
  3 orcs (D:5)
  2 bats (D:1)
  4 endoplasms
  2 giant cockroaches
  A goblin (D:1)
  7 kobolds
  A quokka (D:3)
  4 ball pythons
  A rat (D:3)
55 creatures vanquished.

Vanquished Creatures (others)
  A worm (D:6)
  A hobgoblin (D:6)
  A withered plant (D:5)
3 creatures vanquished.

Grand Total: 58 creatures vanquished

Notes
Turn   | Place    | Note
-------+----------+-------------------------------------------
     0 | D:1      | Ofeo the Meteoran Ice Elementalist began the quest for the
                  | Orb.
     0 | D:1      | Reached XP level 1. HP: 14/14 MP: 5/5
    73 | D:1      | Reached XP level 2. HP: 20/20 MP: 4/6
   141 | D:2      | Reached XP level 3. HP: 18/26 MP: 2/8
   186 | D:2      | Learned a level 3 spell: Frozen Ramparts
   190 | D:2      | Learned a level 3 spell: Ozocubu's Armour
   232 | D:3      | Noticed Jessica
   238 | D:3      | Killed Jessica
   239 | D:3      | Reached XP level 4. HP: 6/33 MP: 2/10
   286 | D:3      | Found a faded altar of an unknown god.
   305 | D:4      | You fall into a shaft and drop 3 floors!
   333 | D:6      | Found an iron altar of Okawaru.
   354 | D:6      | Noticed Edmund
   365 | D:5      | Entered Level 5 of the Dungeon
   376 | D:5      | Noticed Eustachio
   387 | D:5      | Identified a scroll of acquirement
   387 | D:5      | Acquired a staff of cold
   421 | D:5      | Noticed a scorpion
   422 | D:5      | Found an ancient bone altar of Kikubaaqudgha.
   426 | D:5      | Killed a scorpion
   427 | D:5      | Reached skill level 5 in Ice Magic
   427 | D:5      | Reached XP level 5. HP: 34/38 MP: 3/11
   434 | D:5      | Became a worshipper of Kikubaaqudgha
   455 | D:5      | Killed Eustachio
   456 | D:5      | Reached XP level 6. HP: 26/45 MP: 0/13
   715 | D:5      | Reached XP level 7. HP: 50/50 MP: 9/14
   736 | D:5      | Identified the +0 leather armour "Lodallof" {rF+ Str+3}
   742 | D:5      | Reached skill level 5 in Spellcasting
   795 | D:5      | Found an opulent altar of Gozag.
   858 | D:6      | Reached skill level 5 in Dodging
   883 | D:6      | Reached skill level 6 in Ice Magic
   947 | D:6      | Found a runed translucent gate.
   948 | D:6      | Found a runed translucent gate.
   948 | D:6      | Noticed Rudyous's ghost (novice HOFi)
   949 | D:6      | Found a runed translucent gate.
   950 | D:6      | Noticed a kobold demonologist
   974 | D:6      | Reached XP level 8. HP: 47/57 MP: 11/17
   981 | D:6      | Killed Edmund
  1009 | D:6      | Noticed a steam dragon
  1022 | D:6      | Killed a steam dragon
  1044 | D:6      | Reached * piety under Kikubaaqudgha
  1044 | D:6      | Received a gift from Kikubaaqudgha
  1088 | D:6      | Gained mutation: You passively map the area around you.
                  | [Meteoran growth]
  1088 | D:6      | Reached XP level 9. HP: 55/62 MP: 12/19
  1089 | D:6      | Reached skill level 7 in Ice Magic
  1102 | D:6      | Succumbed to a kobold brigand's curare-tipped dart

Illustrated notes

Levels and vault maps discovered:
D:1:      dpeg_arrival_prison, layout_basic
D:2:      layout_rooms, minmay_divided_ellipse
D:3:      minmay_general_purpose_star, layout_basic,
          chequers_ecumenical_altar_island, uniq_jessica
D:4:      layout_basic, gup_sewer_entry_glass
D:5:      layout_basic, nicolae_gozag_seed_capital, kiku_gazebo_garden_becter,
          minmay_temple_entry_mini_moons, uniq_eustachio
D:6:      layout_rooms, mainiacjoe_overflow_boulevard,
          gammafunk_ghost_nasty_kobolds, uniq_edmund
D:7:      layout_basic, grunt_ogre_cave, nicolae_wooded_promenade

Skill      XL: |  1  2  3  4  5  6  7  8  9 |
---------------+----------------------------+-----
Spellcasting   | 3 4 5 6 |  6.8
Dodging        | 3 4 5 6 |  6.7
Stealth        | 2 3 4 |  4.5
Ice Magic      | 5 6 7 |  7.2

Action                   |  1- 3 |  4- 6 |  7- 9 || total
-------------------------+-------+-------+-------++-------
Melee: Unarmed           |     4 |       |       ||     4
       Dagger            |       |       |    26 ||    26
       Staff             |       |       |     4 ||     4
 Fire: Sling             |       |    15 |       ||    15
 Cast: Freeze            |    23 |    19 |    25 ||    67
       Frozen Ramparts   |     1 |     6 |     6 ||    13
       Ozocubu's Armour  |       |     3 |     5 ||     8
Invok: Unearth Wretches  |       |       |     1 ||     1
  Use: Potion            |     1 |       |     4 ||     5
       Scroll            |       |     3 |     2 ||     5
Armor: Robe              |     6 |    25 |    33 ||    64
Dodge: Dodged            |    18 |    31 |    35 ||    84
